 Dungeon Crawl Stone Soup version 0.24-a0-439-g6dd8730de2 (webtiles) character file.

Game seed: 16269165729031470909

338 Gumption the Conjurer (level 6, -3/38 HPs)
             Began as an Octopode Conjurer on June 17, 2019.
             Slain by an ogre
             ... wielding a +0 giant club
              (25 damage)
             ... on level 4 of the Dungeon.
             The game lasted 00:21:10 (4750 turns).

Gumption the Conjurer (Octopode Conjurer)           Turns: 4750, Time: 00:21:11

Health: -3/38      AC:  1    Str:  8    XL:     6   Next: 55%
Magic:  10/10      EV: 14    Int: 19    God:
Gold:   131        SH:  0    Dex: 12    Spells: 4/11 levels left

rFire    . . .     SeeInvis .   a - +0 dagger (venom)
rCold    . . .     Gourm    .   (no shield)
rNeg     . . .     Faith    .   (helmet restricted)
rPois    .         Spirit   .   (no amulet)
rElec    .         Reflect  .   (no ring)
rCorr    .         Harm     .   (no ring)
MR       .....                  (no ring)
Stlth    ++++......             (no ring)
HPRegen  0.12/turn              (no ring)
MPRegen  0.12/turn              (no ring)
                                (no ring)
                                (no ring)

@: no status effects
A: almost no armour, stealthy swim, amphibious, 8 rings, constrict 8, camouflage
1, gelatinous body 1
a: no special abilities


You were on level 4 of the Dungeon.
You were very hungry.

You visited 1 branch of the dungeon, and saw 4 of its levels.

You collected 131 gold pieces.

Inventory:

Hand Weapons
 a - a +0 dagger of venom (weapon)
Missiles
 c - 150 stones
 e - 8 javelins
 o - a curare-tipped dart (quivered)
 s - 16 poisoned darts
Jewellery
 d - an uncursed ring of protection from cold {unknown}
 h - an uncursed ring of stealth {unknown}
 k - a cursed -3 ring of dexterity {unknown}
 v - a cursed amulet of guardian spirit {unknown}
Wands
 j - a wand of flame (23)
 t - a wand of paralysis (7)
Scrolls
 f - a scroll of remove curse {unknown}
 i - a scroll of enchant weapon {unknown}
 l - a scroll of teleportation
 p - a scroll of magic mapping {unknown}
Potions
 g - 2 potions of invisibility {unknown}
 m - a potion of agility {unknown}
 n - a potion of magic {unknown}
 q - a potion of curing {unknown}
 r - a potion of resistance {unknown}
 u - a potion of flight {unknown}
Comestibles
 b - 4 rations


   Skills:
 + Level 1.2 Fighting
 + Level 3.2 Dodging
 + Level 4.6 Stealth
 + Level 3.1 Spellcasting
 * Level 5.5 Conjurations
 + Level 1.2 Translocations


You had 4 spell levels left.
You knew the following spells:

 Your Spells              Type           Power        Failure   Level  Hunger
a - Magic Dart            Conj           ###.         1%          1    None
b - Iskenderun's Mystic   Conj           ###.....     16%         4    ####...
c - Blink                 Tloc           N/A          14%         2    ##.....

Your spell library contained the following spells:

 Spells                   Type           Power        Failure   Level  Hunger
 Searing Ray              Conj           ###...       2%          2    ##.....
 Conjure Flame            Conj/Fire      ##......     14%         3    ###....
 Dazzling Spray           Conj/Hex       ##....       14%         3    ###....
 Call Imp                 Summ           #.......     22%         2    ##.....
 Slow                     Hex            #.......     22%         2    ##.....
 Mephitic Cloud           Conj/Pois/Air  #.......     22%         3    ###....
 Force Lance              Conj/Tloc      ###.....     36%         4    ####...
 Fulminant Prism          Conj/Hex       ##........   43%         4    ####...


Dungeon Overview and Level Annotations

Branches:
Dungeon (4/15)
 Temple: D:4-7

Altars:
Ru
Sif Muna
Wu Jian


Innate Abilities, Weirdness & Mutations

You cannot wear most types of armour.
You are very stealthy in the water. (Stealth+)
You are amphibious.
You can wear up to eight rings at the same time.
You can use your tentacles to constrict eight enemies at once.
Your skin changes colour to match your surroundings (Stealth+).
Your rubbery body absorbs attacks. (AC +1, EV +1)


Message History

Throwing (i - inventory. (/) - cycle)
o - 2 curare-tipped darts (quivered)
Press: ? - help, Shift-Dir - straight line, f/p - centaur
Aim: a centaur, wielding a +0 shortbow (moderately wounded, slow, poisoned)
You throw a curare-tipped dart.
The curare-tipped dart hits the centaur.
The centaur looks as sick as possible!
The centaur convulses.
The centaur seems to be slow for longer.
The centaur is severely wounded.
The centaur shoots an arrow.
The arrow completely misses you.
The centaur shoots an arrow.
The arrow misses you.
You kill the centaur!
You see here an arrow.
You hit the ogre.
The ogre is heavily wounded.
The ogre barely misses you.
You hit the ogre but do no damage.
The ogre is poisoned.
The ogre is heavily wounded.
The ogre hits you with a +0 giant club!!
Ouch! That really hurt!
You die...

#...#.#..###..# #......._
#.......##.##.### #........
##.####..#.#(((.####.....⌠..
# ##...).##...c.........
#######.#########._....
.........(# ......
#########(# ..... #O# ###
.##O( #@# #.# # . #.# ###.#
#.###...# ...## #.##..###
...# #....## ..# #.#### ##..
#.## ##########...
##..##.........#...
#...##.............


You could see an ogre.

Vanquished Creatures
  An ogre (D:4)
  A centaur (D:4)
  Crazy Yiuf (D:2)
  An iguana (D:4)
  Robin (D:2)
  2 adders (D:4)
  2 oozes
  An adder skeleton (D:4)
  2 worms
  A dart slug (D:1)
  A leopard gecko (D:2)
  4 orcs (D:3)
  2 ball pythons (D:2)
  2 giant cockroaches
  6 hobgoblins
  10 jackals
  A quokka (D:2)
  4 bats
  5 frilled lizards
  12 goblins
  5 kobolds
  4 rats
69 creatures vanquished.

Notes
Turn   | Place    | Note
-------+----------+-------------------------------------------
     0 | D:1      | Gumption the Octopode Conjurer began the quest for the Orb.
     0 | D:1      | Reached XP level 1. HP: 11/11 MP: 3/3
   339 | D:1      | Reached XP level 2. HP: 17/17 MP: 5/5
  1479 | D:2      | Reached XP level 3. HP: 11/21 MP: 2/6
  1795 | D:2      | HP: 1/21 [jackal (3)]
  2278 | D:2      | Found a deep blue altar of Sif Muna.
  2569 | D:2      | Reached XP level 4. HP: 22/27 MP: 3/7
  2584 | D:2      | Learned a level 4 spell: Iskenderun's Mystic Blast
  2650 | D:2      | Noticed Robin
  2677 | D:2      | Killed Robin
  3007 | D:2      | Found a runed translucent door.
  3008 | D:2      | Noticed Crazy Yiuf
  3020 | D:2      | Killed Crazy Yiuf
  3527 | D:3      | Reached XP level 5. HP: 27/31 MP: 4/9
  3822 | D:3      | Reached skill level 5 in Conjurations
  4174 | D:3      | Learned a level 2 spell: Blink
  4229 | D:4      | Noticed an ogre
  4239 | D:4      | Killed an ogre
  4425 | D:4      | Reached skill level 1 in Fighting
  4425 | D:4      | Reached XP level 6. HP: 24/38 MP: 10/10
  4590 | D:4      | Reached skill level 1 in Translocations
  4720 | D:4      | Found an ornate altar of the Wu Jian Council.
  4724 | D:4      | Found a sacrificial altar of Ru.
  4750 | D:4      | Slain by an ogre

Levels and vault maps discovered:
D:1:      eino_arrival_druids_welcome, layout_loops_corners, lemuel_old_faithful
D:2:      layout_basic, nicolae_overflow_hidden_temple, uniq_crazy_yiuf_cottage,
          uniq_robin
D:3:      layout_basic, first_ration
D:4:      layout_rooms, grunt_temple_overflow_open, minmay_between

Skill      XL: |  1  2  3  4  5  6 |
---------------+-------------------+-----
Stealth        | 3 4 |  4.6
Conjurations   | 5 |  5.5
Dodging        | 3 |  3.2
Spellcasting   | 3 |  3.1
Fighting       | 1 |  1.2
Translocations | 1 |  1.2

Action                   |  1- 3 |  4- 6 || total
-------------------------+-------+-------++-------
Melee: Dagger            |    69 |    57 ||   126
       Constrict         |    21 |    17 ||    38
       Tentacles         |     5 |     7 ||    12
Throw: Dart              |       |    10 ||    10
 Cast: Magic Dart        |    33 |    19 ||    52
  Use: Scroll            |       |     1 ||     1
 Stab: Sleeping          |     6 |     4 ||    10
  Eat: Chunk             |     5 |     6 ||    11
Armor: Skin              |     4 |     2 ||     6
Dodge: Dodged            |    41 |    37 ||    78

Table legend:
 A = Non-vault XP
 B = Vault XP
 C = Vault XP percentage of total XP
 D = Non-vault monster count
 E = Vault monster count
 F = Vault count percentage of total count
                 A         B        C        D         E       F
            +---------+---------+-------+---------+---------+-------
      Total |     408 |      76 |  15.7 |      59 |      10 |  14.5
            +---------+---------+-------+---------+---------+-------
        D:1 |      26 |       0 |   0.0 |      12 |       0 |   0.0
        D:2 |      62 |      69 |  52.7 |      29 |       8 |  21.6
        D:3 |      28 |       0 |   0.0 |      12 |       0 |   0.0
        D:4 |     292 |       7 |   2.3 |       6 |       2 |  25.0
            +---------+---------+-------+---------+---------+-------
